 Dungeon Crawl Stone Soup version 0.25.1-2-g60ff931df9 (webtiles) character file.

Game seed: 1531442057916589248

269 Artemis the Chiller (level 6, 0/32 HPs)
             Began as a Gargoyle Ice Elementalist on Sept 19, 2020.
             Slain by a centaur skeleton (2 damage)
             ... on level 4 of the Dungeon.
             The game lasted 00:17:37 (3516 turns).

Artemis the Chiller (Gargoyle Ice Elementalist)     Turns: 3516, Time: 00:17:38

Health: 0/32       AC:  6    Str: 12    XL:     6   Next: 22%
Magic:  10/12      EV: 12    Int: 17    God:
Gold:   142        SH:  0    Dex: 10    Spells: 5/13 levels left

rFire    . . .     SeeInvis .   e - +0 dagger
rCold    . . .     Gourm    .   (no shield)
rNeg     + . .     Faith    .   a - +0 robe
rPois    ∞         Spirit   .   (no helmet)
rElec    +         Reflect  .   (no cloak)
rCorr    .         Harm     .   (no gloves)
MR       .....                  (no boots)
Stlth    ++........             (no amulet)
HPRegen  0.10/turn              (no ring)
MPRegen  0.13/turn              (no ring)

@: no status effects
A: negative energy resistance 1, electricity resistance, unbreathing,
petrification resistance, rot immunity, AC +4
a: no special abilities


You were on level 4 of the Dungeon.
You were not hungry.

You visited 1 branch of the dungeon, and saw 5 of its levels.

You collected 142 gold pieces.

Inventory:

Hand Weapons
 e - a +0 dagger (weapon)
Missiles
 d - 169 stones (quivered)
Armour
 a - a +0 robe (worn)
Jewellery
 l - an uncursed amulet of regeneration {unknown}
Scrolls
 f - 2 scrolls of enchant armour {unknown}
 g - 3 scrolls of identify
 i - 2 scrolls of amnesia {unknown}
 k - a scroll of fear
 n - a scroll of enchant weapon {unknown}
 o - a scroll of remove curse {unknown}
Potions
 b - 2 potions of flight
 h - 2 potions of heal wounds
 m - a potion of haste
Comestibles
 c - 2 rations
 j - 6 chunks of flesh


   Skills:
 - Level 1.6 Dodging
 - Level 2.3 Stealth
 + Level 4.1 Spellcasting
 * Level 0.4 Conjurations
 + Level 5.8 Ice Magic


You had 5 spell levels left.
You knew the following spells:

 Your Spells              Type           Power        Failure   Level  Hunger
a - Freeze                Ice            ###.         1%          1    None
b - Frozen Ramparts       Ice            ###...       4%          3    ###....
c - Hailstorm             Conj/Ice       ##......     38%         4    ####...

Your spell library contained the following spells:

 Spells                   Type           Power        Failure   Level  Hunger
 Ozocubu's Armour         Chrm/Ice       ##......     14%         3    ###....
 Summon Ice Beast         Ice/Summ       ##......     43%         4    ####...
 Chain Lightning          Conj/Air       #.........   100%        8    #######
 Lehudib's Crystal Spear  Conj/Erth      #.........   100%        8    #######
 Absolute Zero            Ice            ###.......   100%        9    #######
 Fire Storm               Conj/Fire      #.........   100%        9    #######


Dungeon Overview and Level Annotations

Branches:
Dungeon (5/15)
 Temple: D:4-7

Altars:
Okawaru
Zin

Shops:
D:2 *

Annotations:
D:3 Sigmund; gwenloh's ghost, amateur DDNe
D:4 1 runed translucent door, Crazy Yiuf


Innate Abilities, Weirdness & Mutations

You are resistant to torment.
Your stone body is resilient. (AC +4)
You are immune to poison.
You resist negative energy. (rN+)
You are resistant to electric shocks. (rElec)
You can survive without breathing.
You are immune to petrification.
You are immune to rotting.


Message History

Casting: Freeze (safe; 1% risk of failure)
Confirm with . or Enter, or press ? or * to list all spells.
Aiming: Freeze (safe; 1% risk of failure)
Press: ? - help, Shift-Dir - straight line, f/p - centaur skeleton
Aim: a centaur skeleton The centaur skeleton completely resists.
You freeze the centaur skeleton but do no damage.
The centaur skeleton barely misses you. The centaur skeleton hits you.
* * * LOW HITPOINT WARNING * * *
You hit the centaur skeleton.
The centaur skeleton is lightly damaged.
The centaur skeleton hits you.
* * * LOW HITPOINT WARNING * * *
You hit the centaur skeleton.
The centaur skeleton is moderately damaged.
The centaur skeleton hits you but does no damage.
You hit the centaur skeleton but do no damage.
The centaur skeleton is moderately damaged.
The centaur skeleton hits you.
You die...

.#.....# .#.....#
####... .#.....#
#...... #.#.###
.....# #.#.# ....#
#.#.### ... #.#...#
#.#
###.######.######.#
#....W..^.Z@....#
########.########
........?....#
#............#
#.###...$....#
#........#
##.......#
....##### ##..#


You could see a phantom and a centaur skeleton.

Vanquished Creatures
  A howler monkey (D:4)
  Natasha (twice) (D:2)
  2 worker ants (D:4)
  4 gnolls (D:4)
  3 adders
  An ooze (D:1)
  A worm (D:2)
  3 dart slugs
  2 leopard geckos
  6 bats
  3 giant cockroaches
  9 goblins
  3 hobgoblins
  10 kobolds
  2 quokkas
  A ball python (D:2)
  4 frilled lizards
  6 rats
63 creatures vanquished.

Notes
Turn   | Place    | Note
-------+----------+-------------------------------------------
     0 | D:1      | Artemis the Gargoyle Ice Elementalist began the quest for
                  | the Orb.
     0 | D:1      | Reached XP level 1. HP: 10/10 MP: 3/3
   158 | D:1      | Reached XP level 2. HP: 15/15 MP: 3/5
   503 | D:1      | Reached XP level 3. HP: 19/19 MP: 3/6
   508 | D:1      | Learned a level 3 spell: Frozen Ramparts
   901 | D:2      | Noticed Natasha
  1279 | D:2      | Killed Natasha
  1279 | D:2      | Reached skill level 5 in Ice Magic
  1279 | D:2      | Reached XP level 4. HP: 20/24 MP: 2/8
  1349 | D:2      | Found Zin's Purification Station.
  1349 | D:2      | Found a glowing silver altar of Zin.
  1523 | D:2      | Found an iron altar of Okawaru.
  2095 | D:2      | Noticed Natasha
  2100 | D:2      | Killed Natasha
  2100 | D:2      | Reached XP level 5. HP: 28/28 MP: 4/10
  2918 | D:3      | Noticed Sigmund
  3150 | D:3      | Noticed gwenloh's ghost (amateur DDNe)
  3150 | D:3      | You fall into a shaft and drop 2 floors!
  3150 | D:5      | Entered Level 5 of the Dungeon
  3223 | D:4      | Noticed a phantom
  3273 | D:4      | Found a runed translucent door.
  3273 | D:4      | Noticed Crazy Yiuf
  3304 | D:4      | Reached XP level 6. HP: 32/32 MP: 7/12
  3314 | D:4      | Learned a level 4 spell: Hailstorm
  3516 | D:4      | Slain by a centaur skeleton

Illustrated notes

Levels and vault maps discovered:
D:1:      kennysheep_arrival_forest, layout_loops_cross
D:2:      layout_loops_ring, zin_purify, lemuel_crystal_altar, uniq_natasha
D:3:      layout_basic, hellmonk_ghost_happy_afterlife, uniq_sigmund
D:4:      kennysheep_goblin_castle, layout_basic,
          grunt_temple_overflow_champion_of_chaos,
          lemuel_coloured_pillars_altar, kennysheep_orc_chapel,
          uniq_crazy_yiuf_cottage
D:5:      layout_loops_ring, lemuel_doored_altar, marbit_many_paths,
          first_ration

Skill      XL: |  1  2  3  4  5 |
---------------+----------------+-----
Ice Magic      | 5 |  5.8
Spellcasting   | 3 4 |  4.1
Dodging        | |  1.6
Stealth        | |  2.3
Conjurations   | |  0.4

Action                   |  1- 3 |  4- 6 || total
-------------------------+-------+-------++-------
Melee: Unarmed           |     5 |       ||     5
       Dagger            |    15 |    28 ||    43
 Cast: Freeze            |    37 |    40 ||    77
       Frozen Ramparts   |     1 |     7 ||     8
  Use: Scroll            |       |     6 ||     6
 Stab: Sleeping          |     3 |     2 ||     5
  Eat: Chunk             |     2 |     7 ||     9
Armor: Robe              |    23 |    18 ||    41
Dodge: Dodged            |    34 |    45 ||    79
